 Dungeon Crawl Stone Soup version 0.29-a0-994-gc5c9f59d18 (webtiles) character file.

Game seed: 4839688180974513789

39 vurker the Ducker (level 3, 30/30 HPs)
             Began as a Minotaur Enchanter on Aug 3, 2022.
             Was an Initiate of Ashenzari.
             Quit the game on level 2 of the Dungeon.
             The game lasted 00:01:41 (1622 turns).

vurker the Ducker (Minotaur Enchanter)              Turns: 1622, Time: 00:01:41

Health: 30/30      AC:  4    Str: 14    XL:     3   Next: 26%
Magic:  4/4        EV: 12    Int: 12    God:    Ashenzari [......]
Gold:   43         SH:  0    Dex: 10    Spells: 4/4 levels left

rFire   . . .      SeeInvis .   a - +1 dagger
rCold   . . .      Faith    .   (no shield)
rNeg    . . .      Spirit   .   b - +0 robe
rPois   .          Reflect  .   d - +2 hat
rElec   .          Harm     .   (no cloak)
rCorr   .          Rampage  .   (no gloves)
Will    .....                   (no boots)
Stlth   ++........              (no amulet)
HPRegen 0.10/turn               (no ring)
MPRegen 0.09/turn               (no ring)

@: no status effects
A: horns 2, retaliatory headbutt
a: Renounce Religion


You were on level 2 of the Dungeon.
You worshipped Ashenzari.
Ashenzari was noncommittal.
You visited 1 branch of the dungeon, and saw 2 of its levels.

You collected 43 gold pieces.

Inventory:

Hand Weapons
 a - a +1 dagger (weapon)
Armour
 b - a +0 robe (worn)
 d - a +2 hat (worn)
   (You found it on level 1 of the Dungeon)
Scrolls
 f - 5 scrolls of identify {unknown}
 h - 2 scrolls of teleportation {unknown}
 i - a scroll of immolation {unknown}
 j - a scroll of magic mapping {unknown}
Potions
 c - 2 potions of invisibility
 e - a potion of curing {unknown}
 g - 2 potions of attraction {unknown}


   Skills:
 * Level 2.4 Fighting
 - Level 1.1 Short Blades
 + Level 1.5 Armour
 + Level 2.8 Dodging
 - Level 2.4 Stealth
 - Level 1.3 Spellcasting
 - Level 2.0 Hexes


You had 4 spell levels left.
You didn't know any spells.
Your spell library contained the following spells:

 Spells                   Type           Power      Damage    Failure   Level
 Ensorcelled Hibernation  Hex/Ice        6%         N/A       28%         2
 Confusing Touch          Hex            5%         N/A       36%         3
 Tukima's Dance           Hex            5%         N/A       36%         3
 Static Discharge         Conj/Air       0%         3-3/arc   41%         2
 Dazzling Flash           Conj/Hex       6%         N/A       50%         3
 Dispel Undead            Necr           0%         3d6       96%         4
 Sticky Flame             Conj/Fire      0%         2d3       96%         4


Dungeon Overview and Level Annotations

Branches:
Dungeon (2/15)

Altars:
Ashenzari


Innate Abilities, Weirdness & Mutations

You have a pair of horns on your head.
You reflexively headbutt those who attack you in melee.


Message History

j - a scroll labelled EXEGEIR BUOP
Found 8 gold pieces.
You see here 8 stones.
Partly explored, can't reach some items and places.
You see here 8 stones.
There is a stone staircase leading down here.
You climb downwards.
Found a flail.
There is a stone staircase leading up here.
A worm comes into view.
A worm is nearby!
A worm is nearby!
Found a hand axe.
You barely miss the worm. The worm bites you but does no damage.
You hit the worm. You completely miss the worm. The worm bites you.
You hit the worm. You barely miss the worm. The worm closely misses you.
You hit the worm. You hit the worm. The worm bites you.
You hit the worm. You punch the worm.
You kill the worm!
No target in view!
No target in view!
No target in view!
No target in view!
No target in view!
No target in view!
No target in view!
No target in view!
No target in view!
No target in view!
No target in view!
No target in view!
You see here a +0 flail.
Found a book of Touch.
Found a scroll labelled SOBLAPT TUFI.
You pick up a book of Touch and begin reading...
You add the spells Static Discharge, Sticky Flame and Dispel Undead to your library.
Found 9 gold pieces.
f - 5 scrolls labelled SOBLAPT TUFI (gained 1)
You now have 43 gold pieces (gained 9).
Found a faded altar of an unknown god.
Found 4 gold pieces.
Found a stone staircase leading up.
There is a faded altar of an unknown god here.
You cannot tell which god this altar belongs to.
Convert to them anyway?
Ashenzari accepts your prayer! Ashenzari welcomes you!
Ashenzari warns you of distant threats and treasures.
Ashenzari reveals the structure of the dungeon to you.
Ashenzari shows you where magical portals lie.

#..### #...## ..##
###..## .## ##..# ##
##.### .###### #...###
.<....# ###...###
).###..# #.....# ..###
#####...8.##### .....#
.........@.......
..##..####..$....8......
### ...................
####......#.......
#.....##....... .......#
....... ##.<...# .......
#..... #######


There were no monsters in sight!

Vanquished Creatures
  A worm (D:2)
  2 dart slugs (D:1)
  2 endoplasms (D:1)
  A giant cockroach (D:1)
  3 goblins (D:1)
  2 hobgoblins (D:1)
  6 jackals (D:1)
  5 ball pythons (D:1)
  A bat (D:1)
  2 frilled lizards (D:1)
  A kobold (D:1)
  3 rats (D:1)
29 creatures vanquished.

Notes
Turn   | Place    | Note
-------+----------+-------------------------------------------
     0 | D:1      | vurker the Minotaur Enchanter began the quest for the Orb.
     0 | D:1      | Reached XP level 1. HP: 14/14 MP: 1/1
    59 | D:1      | Reached skill level 1 in Fighting
    78 | D:1      | Reached XP level 2. HP: 13/23 MP: 3/3
   335 | D:1      | Reached skill level 1 in Armour
   652 | D:1      | Reached XP level 3. HP: 29/29 MP: 4/4
   956 | D:1      | HP: 1/29 [something (16)]
  1607 | D:2      | Found a faded altar of an unknown god.
  1621 | D:2      | Prayed at the altar of an unknown god.
  1621 | D:2      | Became a worshipper of Ashenzari the Shackled
  1622 | D:2      | Quit the game

Illustrated notes

Levels and vault maps discovered:
D:1:      psy_arrival_basics, layout_rooms, serial_glass, glass_columns_a,
          glass_columns_a, glass_columns_a, glass_columns_c, glass_columns_a,
          glass_columns_b, lemuel_flame_loot_1
D:2:      layout_rooms, dreamdust_ecumenical_altar_statues,
          minmay_misc_feat_doors, minmay_tiny_reverse_x

Skill      XL: |  1  2 |
---------------+-------+-----
Fighting       | 1 2 |  2.4
Armour         | 1 |  1.5
Short Blades   | |  1.1
Dodging        | |  2.8
Stealth        | |  2.4
Spellcasting   | |  1.3
Hexes          | |  2.0

Action                   || total
-------------------------++-------
Melee: Dagger            ||    86
       Headbutt          ||     9
       Punch             ||     1
 Stab: Sleeping          ||     2
Armor: Robe              ||    21
Dodge: Dodged            ||    54

Table legend: (Time is in decaauts)
 A = Elapsed time spent in this place.
 B = Non-inter-level travel time spent in this place.
 C = Inter-level travel time spent in this place.
 D = Time resting spent in this place.
 E = Time spent auto-exploring this place.
 F = Levels seen in this place.
 G = Mean time per level.
                   A        B        C        D        E       F      G
               +--------+--------+--------+--------+--------+-----+--------+
         Total |   1617 |   1596 |     21 |    475 |    876 |   2 |  808.5 |
       Dungeon |   1617 |   1596 |     21 |    475 |    876 |   2 |  808.5 |
               +--------+--------+--------+--------+--------+-----+--------+

Top non-repeatable levels by time:
     D:1: 1514 daAuts
     D:2: 103 daAuts
